 Dungeon Sprint DCSS version 0.22-a0-196-gee22f27 (webtiles) character file.

25 Lapis the Covert (level 3, -11/21 HPs)
             Began as an Octopode Earth Elementalist on Feb 17, 2018.
             Mangled by a yak (14 damage)
             ... in the Dungeon (Sprint I: "Red Sonja").
             The game lasted 00:00:39 (181 turns).

Lapis the Covert (Octopode Earth Elementalist)       Turns: 181, Time: 00:00:40

Health: -11/21     AC:  1    Str:  7    XL:     3   Next: 4%
Magic:  3/6        EV: 13    Int: 17    God:
Gold:   54         SH:  0    Dex: 13    Spells: 0/6 levels left

rFire    . . .     SeeInvis .   (no weapon)
rCold    . . .     Gourm    .   (no shield)
rNeg     . . .     Faith    .   (helmet restricted)
rPois    .         Spirit   .   (no amulet)
rElec    .         Reflect  .   (no ring)
rCorr    .         Harm     .   (no ring)
MR       .....     NoTele   +   (no ring)
Stlth    +++++.....             (no ring)
HPRegen  0.07/turn              (no ring)
MPRegen  0.10/turn              (no ring)
                                (no ring)
                                (no ring)

@: no status effects
A: almost no armour, stealthy swim, amphibious, 8 rings, constrict 8, camouflage
1, gelatinous body 1
a: no special abilities


You were in the Dungeon.
You were not hungry.

You visited 1 branch You collected 54 gold pieces.

Inventory:

Missiles
 b - 29 stones (quivered)
Scrolls
 i - a scroll of blinking
Potions
 d - a potion of curing
 e - a potion of heal wounds
 f - a potion of haste
 g - 2 potions of magic
Books
 j - a book of Geomancy

   Spells                             Type                      Level
   a - Sandblast                      Earth                        1
   b - Passwall                       Transmutation/Earth          2
   c - Stone Arrow                    Conjuration/Earth            3
   d - Petrify                        Transmutation/Earth          4
   e - Lee's Rapid Deconstruction     Earth                        5
Comestibles
 c - a ration


   Skills:
 - Level 2.0 Dodging
 + Level 8.7 Stealth
 - Level 2.0 Spellcasting
 - Level 1.0 Transmutations
 - Level 3.0 Earth Magic


You couldn't memorise any spells.
You knew the following spells:

 Your Spells              Type           Power        Failure   Level  Hunger
a - Sandblast             Erth           ##....       5%          1    #......
b - Passwall              Tmut/Erth      #.........   13%         2    ###....
c - Stone Arrow           Conj/Erth      #.....       30%         3    ###....


Dungeon Overview and Level Annotations

Branches:
Dungeon (1/1)

Altars:
Cheibriados
Dithmenos
Elyvilon
Fedhas
Gozag
Hepliaklqana
Kikubaaqudgha
Nemelex Xobeh
Okawaru
Qazlal
Ru
Trog
Uskayaw
Yredelemnul
Zin
The Shining One

Shops:
D [


Innate Abilities, Weirdness & Mutations

You cannot wear most types of armour.
You are very stealthy in the water. (Stealth+)
You are amphibious.
You can wear up to eight rings at the same time.
You can use your tentacles to constrict eight enemies at once.
Your skin changes colour to match your surroundings (Stealth+).
Your rubbery body absorbs attacks. (AC +1, EV +1)


Message History

You begin to meditate on the wall.
You continue meditating on the rock. x2
You finish merging with the rock.
Found Cosif's Armour Emporium.
Found sixteen altars.
A yak comes into view.
The yak bellows!
There is a sacrificial altar of Ru here.
The yak gores you!!
Ouch! That really hurt!
* * * LOW HITPOINT WARNING * * *
There is a snail-covered altar of Cheibriados here.
Casting: Passwall (safe; 13% risk of failure)
Confirm with . or Enter, or press ? or * to list all spells.
Aiming: Sandblast (safe; 5% risk of failure)
Press: ? - help, Shift-Dir - straight line, f - yak
Aim: a yak The blast of sand hits the yak.
b - 29 stones The yak gores you!
Ouch! That really hurt!
You die...

#<.#..+
#..[..#
#..####
#..####
#..#__####
#..#_____##
#⌠⌠#_.∩...+
####_..Y_#
#..#__@__#
##########


You could see a yak.

Vanquished Creatures
  Ijyb (D)
1 creature vanquished.

Notes
Turn   | Place    | Note
-------+----------+-------------------------------------------
     0 | D        | Lapis the Octopode Earth Elementalist began the quest for the Orb.
     0 | D        | Reached XP level 1. HP: 11/11 MP: 3/3
     2 | D        | Noticed Ijyb
    13 | D        | Killed Ijyb
    13 | D        | Reached skill level 8 in Stealth
    13 | D        | Reached XP level 2. HP: 17/17 MP: 5/5
    13 | D        | Reached XP level 3. HP: 21/21 MP: 6/6
    90 | D        | Learned a level 2 spell: Passwall
    94 | D        | Learned a level 3 spell: Stone Arrow
   179 | D        | Found a shadowy altar of Dithmenos.
   179 | D        | Found a sacrificial altar of Ru.
   179 | D        | Found a snail-covered altar of Cheibriados.
   179 | D        | Found an opulent altar of Gozag.
   179 | D        | Found a sparkling altar of Nemelex Xobeh.
   179 | D        | Found a basalt altar of Yredelemnul.
   179 | D        | Found a hide-covered altar of Uskayaw.
   179 | D        | Found a hazy altar of Hepliaklqana.
   179 | D        | Found an ancient bone altar of Kikubaaqudgha.
   179 | D        | Found Cosif's Armour Emporium.
   179 | D        | Found a glowing golden altar of the Shining One.
   179 | D        | Found an iron altar of Okawaru.
   179 | D        | Found a bloodstained altar of Trog.
   179 | D        | Found a blossoming altar of Fedhas.
   179 | D        | Found a stormy altar of Qazlal.
   179 | D        | Found a white marble altar of Elyvilon.
   179 | D        | Found a glowing silver altar of Zin.
   179 | D        | Noticed a yak
   181 | D        | Mangled by a yak

Vault maps used:
D:        dungeon_sprint_1

Skill      XL: |  1 |
---------------+----+-----
Stealth        | 8 |  8.7
Dodging        | |  2.0
Spellcasting   | |  2.0
Transmutations | |  1.0
Earth Magic    | |  3.0

Action                   || total
-------------------------++-------
Melee: Unarmed           ||    10
       Constrict         ||     1
       Tentacles         ||     1
 Cast: Passwall          ||     3
       Sandblast         ||     1
  Use: Potion            ||     1
Dodge: Dodged            ||     2

Table legend:
 A = Spawn XP
 B = Non-spawn XP
 C = Spawn XP percentage of total XP
 D = Spawn monster count
 E = Non-spawn monster count
 F = Spawn count percentage of total count
 G = Total turns spent on level
                    A         B        C        D         E        F      G
               +---------+---------+-------+---------+---------+-------+---------
         Total |       0 |      36 |   0.0 |       0 |       1 |   0.0 |   181
               +---------+---------+-------+---------+---------+-------+---------
             D |       0 |      36 |   0.0 |       0 |       1 |   0.0 |   181
               +---------+---------+-------+---------+---------+-------+---------
